 Dungeon Crawl Stone Soup version 0.30.0-15-g856e2d3f33 (webtiles) character file.

Game seed: 504307788790207017

158 bubby the Caller (level 5, -25/35 HPs)
             Began as a Barachi Summoner on May 18, 2023.
             Killed by an exploding themself (42 damage)
             ... ignited by their inner flame
             ... on level 4 of the Dungeon.
             The game lasted 00:12:11 (2835 turns).

bubby the Caller (Barachi Summoner)                 Turns: 2835, Time: 00:12:12

Health: -25/35     AC:  5    Str:  9    XL:     5   Next: 40%
Magic:  7/9        EV: 13    Int: 17    God:
Gold:   250        SH:  0    Dex: 13    Spells: 3/10 levels left

rFire   . . .        l - staff of cold
rCold   + . .        (no shield)
rNeg    . . .        a - +0 robe
rPois   .            j - +0 helmet
rElec   .            (no cloak)
rCorr   .            n - +0 pair of gloves
SInv    .            d - +0 pair of boots
Will    .....        q - amulet of magic regeneration
Stlth   ++           (no ring)
HPRegen 0.25/turn    (no ring)
MPRegen 0.51/turn

%: no passive effects
@: slow
A: amphibious, slowness 1, strong legs 1, +LOS
a: Hop


You were on level 4 of the Dungeon.
You visited 1 branch of the dungeon, and saw 4 of its levels.

You collected 250 gold pieces.

Inventory:

Hand Weapons
 c - a +0 dagger
Missiles
 k - 2 datura-tipped darts
Armour
 a - a +0 robe (worn)
 d - a +0 pair of boots (worn)
 j - a +0 helmet (worn)
 n - a +0 pair of gloves (worn)
Magical Staves
 l - a staff of cold (weapon)
Jewellery
 q - an amulet of magic regeneration (around neck)
Wands
 p - a wand of digging (5)
Scrolls
 e - 5 scrolls of identify {unknown}
 f - 4 scrolls of teleportation {unknown}
 g - a scroll of magic mapping {unknown}
 h - a scroll of poison {unknown}
 i - 2 scrolls of fear {unknown}
 r - 3 scrolls of amnesia {unknown}
 s - 2 scrolls of summoning {unknown}
Potions
 b - a potion of magic
 m - a potion of flight {unknown}
 o - a potion of might {unknown}
 t - a potion of degeneration {unknown}
 u - a potion of curing {unknown}
 v - a potion of heal wounds {unknown}


   Skills:
 + Level 3.4 Dodging
 + Level 3.1 Stealth
 + Level 3.3 Spellcasting
 + Level 5.7 Summonings


You had 3 spell levels left.
You knew the following spells:

 Your Spells              Type           Power      Damage    Failure   Level
a - Summon Small Mammal   Summ           88%        N/A       1%          1
b - Call Canine Familiar  Summ           22%        N/A       4%          3
c - Summon Guardian Gole  Hex/Summ       12%        N/A       16%         3

Your spell library contained the following spells:

 Spells                   Type           Power      Damage    Failure   Level
 Call Imp                 Summ           44%        N/A       2%          2
 Slow                     Hex            8%         N/A       17%         1
 Confusing Touch          Hex            2%         N/A       45%         3
 Vampiric Draining        Necr           2%         2d6       45%         3
 Animate Armour           Summ/Erth      24%        N/A       45%         4
 Summon Lightning Spire   Summ/Air       12%        N/A       45%         4
 Blade Hands              Tmut           1%         N/A       99%         5
 Iron Shot                Conj/Erth      1%         9d1       100%        6


Dungeon Overview and Level Annotations

Branches:
Dungeon (4/15)
 Temple: D:4-7

Altars:
Gozag

Shops:
D:3 =


Innate Abilities, Weirdness & Mutations

You are amphibious.
You cover ground slowly.
You can hop short distances.
You have an extended range of vision and can be seen from far away.


Message History

You finish memorising.
Spell assigned to 'c'.
Casting: Call Canine Familiar (dangerous; 4% risk of failure)
Confirm with . or Enter, or press ? or * to list all spells.
Your hound disappears in a puff of smoke!
Casting: Call Canine Familiar (dangerous; 4% risk of failure)
Confirm with . or Enter, or press ? or * to list all spells.
You don't know that spell.
Casting: Call Canine Familiar (dangerous; 4% risk of failure)
Confirm with . or Enter, or press ? or * to list all spells.
The spell is quite dangerous to miscast (16% risk of failure)!
Continue anyway?
A guardian golem appears, shielding your allies.
Found a stone staircase leading up.
The steam dragon hisses angrily.
The steam dragon breathes steam at you. The ball of steam hits you.
You swap places.
You are engulfed in a cloud of scalding steam.
Your hound is engulfed in a cloud of scalding steam. x2
Your hound is engulfed in a cloud of scalding steam.
The steam dragon bites your guardian golem but does no damage.
The steam dragon claws your guardian golem.
Your hound barely misses the steam dragon.
The steam dragon bites your guardian golem.
The steam dragon claws your guardian golem but does no damage.
Your hound misses the steam dragon.
Your hound barely misses the steam dragon.
The steam dragon bites your guardian golem!
The steam dragon completely misses your guardian golem.
Your guardian golem overheats!
Your hound bites the steam dragon but does no damage.
The steam dragon breathes steam at you.
The ball of steam hits your guardian golem.
Your guardian golem resists.
Flame seeps out of your guardian golem. The ball of steam hits you!
Flame seeps out of your guardian golem.
Your guardian golem disappears in a puff of smoke!
Your guardian golem explodes!
The fiery explosion engulfs you!!!
Ouch! That really hurt!
You die...

............# #.##..# #.#
#########..######.##..# #.#
#########.........##.†# #.#
#......†..............# #.#
#......#.#.#........#.# #.#
#......#.#.##.......#.######.#
#......#.#.# ..##............#
.......#.#[. ..#.§...........#
##..†..#.### ##@§...........#
#.....#.# #§###+#########
#.....#.# #§r.......#
#.....#.# #§§.......# #.....#
#○........#
#............§Dhr.......#
............###........# ....D
#...)....# ...< #.........


You could see a friendly quokka (summoned, sheltered).

Vanquished Creatures
  An adder (D:4)
  A gnoll (D:3)
  A bat (D:1)
  An endoplasm (D:1)
  A giant cockroach (D:1)
  A hobgoblin (D:1)
  2 jackals (D:1)
  A kobold (D:1)
  A quokka (D:3)
  A ball python (D:4)
  A frilled lizard (D:1)
  A rat (D:1)
13 creatures vanquished.

Vanquished Creatures (collateral kills)
  3 adders
  3 gnolls (D:3)
  An ufetubus (D:4)
  A dart slug (D:3)
  4 orcs
  7 bats
  8 endoplasms
  3 hobgoblins
  2 jackals (D:1)
  3 quokkas (D:4)
  14 ball pythons
  A frilled lizard (D:3)
  3 goblins
  2 kobolds
  A rat (D:3)
56 creatures vanquished.

Grand Total: 69 creatures vanquished

Notes
Turn   | Place    | Note
-------+----------+-------------------------------------------
     0 | D:1      | bubby the Barachi Summoner began the quest for the Orb.
     0 | D:1      | Reached XP level 1. HP: 13/13 MP: 3/3
   118 | D:1      | Reached XP level 2. HP: 19/19 MP: 1/5
   173 | D:1      | Reached skill level 5 in Summonings
   474 | D:1      | Reached XP level 3. HP: 22/24 MP: 2/6
  1111 | D:2      | Learned a level 3 spell: Call Canine Familiar
  1264 | D:2      | Reached XP level 4. HP: 30/30 MP: 8/8
  1815 | D:3      | Found an opulent altar of Gozag.
  2146 | D:3      | Found Utso Ezo's Jewellery Boutique.
  2320 | D:3      | Found a faded altar of an unknown god.
  2401 | D:3      | Reached XP level 5. HP: 35/35 MP: 6/9
  2786 | D:4      | Noticed a steam dragon
  2825 | D:4      | Learned a level 3 spell: Summon Guardian Golem
  2835 | D:4      | Killed by an exploding themself... ignited by their inner
                  | flame

Illustrated notes

Levels and vault maps discovered:
D:1:      tarquinn_simple_flora_water_f, layout_basic, hex_large,
          minmay_shallow_snake_nest
D:2:      layout_loops_ring, kennysheep_minor_cross
D:3:      layout_loops_ring, nicolae_gozag_cash_rules_everything_around_me,
          shapermc_ecumenical_altar_mp_ritualfount, serial_shops,
          nicolae_shop_gaudy_bauble, st_stairs_11
D:4:      layout_basic, chequers_arboretum

Skill      XL: |  1  2  3  4  5 |
---------------+----------------+-----
Stealth        | 2 3 |  3.1
Summonings     | 5 |  5.7
Dodging        | 3 |  3.4
Spellcasting   | 3 |  3.3

Action                     |  1- 3 |  4- 6 || total
---------------------------+-------+-------++-------
  Melee: Dagger            |    37 |    13 ||    50
         Staff             |       |     7 ||     7
   Cast: Summon Small Mamm |    48 |    21 ||    69
         Call Canine Famil |     1 |    17 ||    18
         Summon Guardian G |       |     1 ||     1
Ability: Hop               |     1 |       ||     1
   Stab: Distracted        |     1 |       ||     1
         Sleeping          |     1 |       ||     1
 Armour: Robe              |    28 |    11 ||    39
  Dodge: Dodged            |    46 |    31 ||    77
